 Dungeon Crawl Stone Soup version 0.25-a0-308-geac79542e2 (webtiles) character file.

Game seed: 465358396150273527, levelgen mode: deterministic

540764 qipqqq the Sorcerer (level 24, -6/195 HPs)
             Began as a Mummy Wizard on Dec 21, 2019.
             Was an Initiate of Gozag.
             Killed by divine providence
             ... invoked by a green draconian stormcaller
              (11 damage)
             ... on level 1 of the Realm of Zot on Dec 22, 2019.
             The game lasted 08:31:40 (127000 turns).

qipqqq the Sorcerer (Mummy Wizard)                Turns: 127000, Time: 08:31:42

Health: -6/195     AC: 20    Str: 22    XL:     24   Next: 73%
Magic:  34/69      EV: 32    Int: 32    God:    Gozag
Gold:   346        SH:  0    Dex: 19    Spells: 9/70 levels left

rFire    + . .     SeeInvis .   M - +9 lajatang of Cawai {freeze, rF++}
rCold    + + +     Gourm    .   (shield currently unavailable)
rNeg     + + +     Faith    .   d - quicksilver dragon scales of the King {MR+ rCorr}
rPois    ∞         Spirit   .   m - +3 hat of Pondering {ponderous, MR+ MP+10 Int+5}
rElec    .         Reflect  .   w - scarf {cloud immunity}
rCorr    +         Harm     .   b - +2 pair of gloves {Dex+3}
MR       +++++                  y - +2 pair of boots
Stlth    +.........             x - amulet of Desertification {Acrobat *Drain rC++ Str+3 Dex+7}
HPRegen  0.42/turn              n - +6 ring of evasion
MPRegen  0.41/turn              i - ring "Nogudoz" {Wiz MP+9 Str+8 Dex-2}

@: slow
A: no food or potions, fire vulnerability, cold resistance 1, negative energy
resistance 3, torment resistance, unbreathing, in touch with death 1
}: 3/15 runes: slimy, silver, gossamer
a: Potion Petition, Call Merchant, Bribe Branch, Renounce Religion


You were on level 1 of the Realm of Zot.
You worshipped Gozag.
Gozag was aware of your devotion.
You were not hungry.

You visited 13 branches of the dungeon, and saw 55 of its levels.
You visited the Abyss 3 times.
You also visited: Ice Cave and Wizlab.

You collected 31741 gold pieces.
You spent 12813 gold pieces at shops.
You paid 18582 gold pieces to Gozag.

Inventory:

Hand Weapons
 M - the +9 lajatang of Cawai (weapon) {freeze, rF++}
   (You took it off a deep elf demonologist on level 3 of the Elven Halls)

   It has been specially enchanted to freeze those struck by it, causing extra
   injury to most foes and up to half again as much damage against particularly
   susceptible opponents.
   It can also slow down cold-blooded creatures.
   It greatly protects you from fire.
Missiles
 k - 3 throwing nets (quivered)
 t - 24 silver javelins
Armour
 b - a +2 pair of gloves of dexterity (worn)
 d - the quicksilver dragon scales of the King (worn) {MR+ rCorr}
   (You bought it in a shop on level 14 of the Dungeon)

   It affects your resistance to hostile enchantments.
   It provides partial protection from all sources of acid and corrosion.
 m - the +3 hat of Pondering (worn) {ponderous, MR+ MP+10 Int+5}
   (You found it on level 5 of the Vaults)

   It affects your intelligence (+5).
   It affects your resistance to hostile enchantments.
   It affects your magic capacity (+10).
 w - a scarf of cloud immunity (worn)
 y - a +2 pair of boots (worn)
 S - the +5 shield of Geteng {rF++ rN+ Str-2 Int+2}
   (You acquired it on level 3 of the Crypt)

   It affects your strength (-2).
   It affects your intelligence (+2).
   It greatly protects you from fire.
   It protects you from negative energy.
Magical Staves
 P - an uncursed staff of wizardry
 Y - an uncursed staff of power
Jewellery
 i - the ring "Nogudoz" (right hand) {Wiz MP+9 Str+8 Dex-2}
   (You found it on level 5 of the Pits of Slime)

   [ring of wizardry]

   It improves your spell success rate.
   It affects your strength (+8).
   It affects your dexterity (-2).
   It affects your magic capacity (+9).
 n - a +6 ring of evasion (left hand)
 x - the amulet of Desertification (around neck) {Acrobat *Drain rC++ Str+3 Dex+7}
   (You took it off a vampire knight on level 3 of the Crypt)

   [amulet of the acrobat]

   It helps you evade while moving and waiting.
   It affects your strength (+3).
   It affects your dexterity (+7).
   It greatly protects you from cold.
   It causes draining when unequipped.
 L - the ring "Kok Anlo" {Str+6 SInv}
   (You found it on level 3 of the Crypt)

   [ring of see invisible]

   It affects your strength (+6).
   It lets you see invisible.
 W - an uncursed ring of wizardry
Wands
 e - a wand of enslavement (30)
 q - a wand of paralysis (11)
 u - a wand of acid (8)
 F - a wand of iceblast (31)
 R - a wand of digging (11)
 X - a wand of flame (163)
Scrolls
 g - 12 scrolls of teleportation
 h - 2 scrolls of immolation
 j - 7 scrolls of identify
 p - 2 scrolls of enchant armour
 r - 3 scrolls of amnesia
 v - 4 scrolls of vulnerability
 B - 2 scrolls of blinking
 D - 3 scrolls of silence
 G - a scroll of fear
 H - 22 scrolls of remove curse
 I - 3 scrolls of summoning
 J - 5 scrolls of magic mapping
 K - 4 scrolls of fog
 Q - 2 scrolls of torment
Miscellaneous
 a - the horn of Geryon (inert)
 c - a sack of spiders
 o - 3 boxes of beasts
 s - a lamp of fire
 C - a phial of floods
 O - a fan of gales
 U - a phantom mirror
 V - a crystal ball of energy


   Skills:
 + Level 17.1 Fighting
 - Level 8.0 Staves
 - Level 5.2 Armour
 + Level 18.2 Dodging
 - Level 1.5 Stealth
 - Level 1.9 Shields
 + Level 23.7 Spellcasting
 + Level 4.2 Conjurations
 * Level 9.1 Hexes
 - Level 9.6 Summonings
 - Level 16.0 Necromancy
 * Level 8.0 Translocations
 + Level 3.9 Fire Magic
 - Level 13.2 Evocations


You had 9 spell levels left.
You knew the following spells:

 Your Spells              Type           Power        Failure   Level  Hunger
a - Haunt                 Necr/Summ      ########..   1%          7    N/A
b - Fire Storm            Conj/Fire      ######....   100%        9    N/A
c - Blink                 Tloc           N/A          1%          2    N/A
d - Invisibility          Hex            #######.     1%          6    N/A
e - Discord               Hex            #######...   54%         8    N/A
h - Summon Butterflies    Summ           #######.     0%          1    N/A
i - Song of Slaying       Chrm           #####...     1%          2    N/A
j - Summon Lightning Spi  Summ/Air       ######..     1%          4    N/A
k - Infestation           Necr           ########..   4%          8    N/A
l - Ozocubu's Armour      Chrm/Ice       #####...     1%          3    N/A
o - Shroud of Golubria    Chrm/Tloc      ######       1%          2    N/A
p - Controlled Blink      Tloc           N/A          71%         8    N/A
q - Apportation           Tloc           ######       1%          1    N/A

Your spell library contained the following spells:

 Spells                   Type           Power        Failure   Level  Hunger
 Animate Skeleton         Necr           N/A          0%          1    N/A
 Pain                     Necr           ####         0%          1    N/A
 Summon Small Mammal      Summ           ####         0%          1    N/A
 Vampiric Draining        Necr           ########..   0%          3    N/A
 Animate Dead             Necr           N/A          0%          4    N/A
 Confusing Touch          Hex            ######       1%          1    N/A
 Corona                   Hex            #######      1%          1    N/A
 Foxfire                  Conj/Fire      ####         1%          1    N/A
 Freeze                   Ice            ####         1%          1    N/A
 Infusion                 Chrm           ####         1%          1    N/A
 Magic Dart               Conj           ####         1%          1    N/A
 Sandblast                Erth           #####.       1%          1    N/A
 Sting                    Tmut/Pois      ####         1%          1    N/A
 Call Imp                 Summ           #######.     1%          2    N/A
 Corpse Rot               Necr/Air       N/A          1%          2    N/A
 Passwall                 Tmut/Erth      #####...     1%          2    N/A
 Poisonous Vapours        Pois/Air       #####.       1%          2    N/A
 Slow                     Hex            #######.     1%          2    N/A
 Sticks to Snakes         Tmut           #####...     1%          2    N/A
 Swiftness                Chrm/Air       #####...     1%          2    N/A
 Call Canine Familiar     Summ           #######.     1%          3    N/A
 Confuse                  Hex            #######.     1%          3    N/A
 Conjure Flame            Conj/Fire      ######..     1%          3    N/A
 Gell's Gravitas          Tloc           ######....   1%          3    N/A
 Ignite Poison            Fire/Tmut/Pois #####...     1%          3    N/A
 Inner Flame              Hex/Fire       ######..     1%          3    N/A
 Lesser Beckoning         Tloc           ######....   1%          3    N/A
 Mephitic Cloud           Conj/Pois/Air  #####...     1%          3    N/A
 Portal Projectile        Hex/Tloc       ######       1%          3    N/A
 Recall                   Summ/Tloc      N/A          1%          3    N/A
 Spectral Weapon          Hex/Chrm       ######..     1%          3    N/A
 Stone Arrow              Conj/Erth      ######       1%          3    N/A
 Summon Guardian Golem    Hex/Summ       #######.     1%          3    N/A
 Teleport Other           Tloc           ######..     1%          3    N/A
 Tukima's Dance           Hex            #######.     1%          3    N/A
 Cause Fear               Hex            #######...   1%          4    N/A
 Fulminant Prism          Conj/Hex       ######....   1%          4    N/A
 Leda's Liquefaction      Hex/Erth       ######....   1%          4    N/A
 Passage of Golubria      Tloc           N/A          1%          4    N/A
 Sticky Flame             Conj/Fire      ######..     1%          4    N/A
 Summon Ice Beast         Ice/Summ       ######..     1%          4    N/A
 Borgnjor's Vile Clutch   Necr/Erth      #######...   1%          5    N/A
 Metabolic Englaciation   Hex/Ice        ######....   1%          5    N/A
 Silence                  Hex/Air        ######....   1%          5    N/A
 Summon Forest            Summ/Tloc      #######...   1%          5    N/A
 Summon Mana Viper        Hex/Summ       #######.     1%          5    N/A
 Yara's Violent Unravell  Hex/Tmut       ######....   1%          5    N/A
 Darkness                 Hex            #######...   1%          6    N/A
 Death Channel            Necr           ########..   1%          6    N/A
 Fireball                 Conj/Fire      ######....   2%          5    N/A
 Dispersal                Tloc           ######....   2%          6    N/A
 Simulacrum               Ice/Necr       #######...   2%          6    N/A
 Olgreb's Toxic Radiance  Pois           #####...     4%          4    N/A
 Petrify                  Tmut/Erth      #####...     4%          4    N/A
 Bolt of Magma            Conj/Fire/Erth ######....   4%          5    N/A
 Irradiate                Conj/Tmut      ######....   6%          5    N/A
 Iskenderun's Battlesphe  Conj/Chrm      ######..     6%          5    N/A
 Summon Hydra             Summ           #######...   8%          7    N/A
 Malign Gateway           Summ/Tloc      #######...   11%         7    N/A
 Alistair's Intoxication  Tmut/Pois      #####...     13%         5    N/A
 Lee's Rapid Deconstruct  Erth           #####.....   13%         5    N/A
 Starburst                Conj/Fire      ######....   13%         6    N/A
 Spellforged Servitor     Conj/Summ      ######....   22%         7    N/A
 Conjure Ball Lightning   Conj/Air       ######....   28%         6    N/A
 Iron Shot                Conj/Erth      ######....   28%         6    N/A
 Freezing Cloud           Conj/Ice/Air   #####.....   36%         6    N/A
 Orb of Destruction       Conj           ######....   52%         7    N/A
 Deflect Missiles         Chrm/Air       #####.....   54%         6    N/A
 Eringya's Noxious Bog    Tmut/Pois      #####.....   54%         6    N/A
 Ozocubu's Refrigeration  Ice            #####.....   54%         6    N/A
 Disjunction              Tloc           ######....   71%         8    N/A
 Ring of Flames           Chrm/Fire      ######....   83%         7    N/A
 Ignition                 Fire           ######....   99%         8    N/A
 Chain Lightning          Conj/Air       ######....   100%        8    N/A
 Lehudib's Crystal Spear  Conj/Erth      ######....   100%        8    N/A
 Glaciate                 Conj/Ice       ######....   100%        9    N/A
 Shatter                  Erth           #####.....   100%        9    N/A
 Tornado                  Air            #####.....   100%        9    N/A
 Sublimation of Blood     Necr           Unusable     N/A         2    N/A
 Beastly Appendage        Tmut           Unusable     N/A         1    N/A
 Regeneration             Chrm/Necr      Unusable     N/A         3    N/A
 Spider Form              Tmut/Pois      Unusable     N/A         3    N/A
 Ice Form                 Ice/Tmut       Unusable     N/A         4    N/A
 Borgnjor's Revivificati  Necr           Unusable     N/A         8    N/A
 Blade Hands              Tmut           Unusable     N/A         5    N/A
 Hydra Form               Tmut           Unusable     N/A         6    N/A
 Statue Form              Tmut/Erth      Unusable     N/A         6    N/A
 Death's Door             Chrm/Necr      Unusable     N/A         8    N/A
 Necromutation            Tmut/Necr      Unusable     N/A         8    N/A

Dungeon Overview and Level Annotations

Branches:
Dungeon (15/15)            Temple (0/1) D:6            Lair (6/6) D:11
 Shoals (4/4) Lair:4       Spider (4/4) Lair:3        Slime (5/5) Lair:6
    Orc (2/2) D:12            Elf (3/3) Orc:2        Vaults (5/5) D:14
  Crypt (3/3) Vaults:3       Tomb (1/3) Crypt:3      Depths (5/5) D:15
   Hell (visited)             Dis (0/7) Hell            Geh (0/7) Hell
    Coc (0/7) Hell            Tar (0/7) Hell            Zot (1/5) Depths:5
  IceCv (visited)          WizLab (visited)

Altars:
Ashenzari
Fedhas
Gozag
Hepliaklqana
Kikubaaqudgha
Ru
Trog
Vehumet
Xom
Yredelemnul
Beogh
Jiyva

Shops:
D:6 [((:   D:11 *   D:14 :[:*[   Orc:2 ([*:   Elf:1 ?   Shoals:1 :   Vaults:1 =
Depths:1 *(

Portals:
Hell: Depths:1 Depths:2 Depths:3 Depths:4 Depths:5
Abyss: Depths:1 Depths:3 Depths:4 Depths:5
Pandemonium: Depths:3
Ziggurat: Depths:4
Bazaar: Shoals:2
Trove: D:10 (give +3 fire dragon scales)

Annotations:
D:11 exclusion: 3 oklob plants
D:13 Josephine
Lair:3 exclusion: 3 oklob plants
Shoals:2 exclusion: obsidian statue
Orc:1 3 runed translucent doors, Ryoxkace's ghost, journeyman MiFi
Elf:1 6 runed translucent doors
Elf:2 5 runed translucent doors
Crypt:3 6 runed translucent doors, Zaowoih's ghost, veteran GrFi
Depths:4 3 runed translucent doors


Innate Abilities, Weirdness & Mutations

You do not eat or drink.
Your flesh is vulnerable to fire.
You are immune to poison.
Your flesh is cold resistant. (rC+)
You are immune to negative energy. (rN+++)
You are immune to unholy pain and torment.
You can survive without breathing.
You are in touch with the powers of death.


Message History

Unknown command.
The red draconian knight gestures wildly while chanting.
The red draconian knight flickers and vanishes!
Unknown command.
Okay, then.
Okay, then.
Evoke which item? (* to show all) (? for menu, Esc to quit)
Okay, then.
Unknown command.
Unknown command.
Okay, then.
Okay, then.
Unknown command.
As you read the scroll of fog, it crumbles to dust.
The scroll dissolves into smoke.
Something hits your hell beast.
Your hell beast convulses.
The green draconian stormcaller calls down the wrath of Qazlal upon you.
Qazlal smites you!
You die...
Your body crumbles into a pile of gold.

#..... ....### #.... ........#
##### #.... #........####...###
##....
##...###...#.......###.....
...........#q#d..................
..........d###.§.§%..............
............DD.§§§...............
#.........§.§..§@§..###..........
#.............§§§.## ##.........
#.§......§§.§.22.## ##........
##.......§§§q{*..## #........
##.....q..§§§§§§...######........
......W2...§§§§......##..........
§....$WD.........................
§.W....q....⌠....................
§.k....*.........................


You could see an orb of fire, a green draconian stormcaller, a black draconian
scorcher, a friendly golden dragon, a friendly storm dragon, a friendly black
draconian, a friendly white draconian and 2 friendly hell beasts.

Vanquished Creatures
  the Royal Jelly (Slime:5)
  An ancient lich (Vaults:5)
  A caustic shrike (Depths:4)
  Bai Suzhen (Spider:2)
  Arachne (Spider:2)
  A bone dragon (Abyss:1)
  Jorgrun (Spider:1)
  2 tentacled monstrosities (Vaults:5)
  2 liches (Vaults:5)
  A deep elf blademaster (Elf:3)
  3 tentacled starspawn
  A death cob (Zot:1)
  3 acid blobs
  3 tengu reavers
  A sphinx (Vaults:5)
  Kirke (D:13)
  3 shadow dragons
  3 storm dragons (Vaults:5)
  2 fire giants
  10 azure jellies (Slime:5)
  4 frost giants
  3 vault wardens (Vaults:5)
  2 deep elf sorcerers
  3 emperor scorpions
  A curse skull (Crypt:3)
  2 ghost moths
  3 deep elf elementalists (Elf:3)
  5 very ugly things
  4 spriggan defenders
  7 stone giants
  6 ironheart preservers
  3 entropy weavers
  4 deep elf demonologists
  5 vampire knights
  6 spark wasps
  A white draconian (IceCv)
  5 deep elf annihilators
  4 ettins
  A merfolk javelineer (Shoals:1)
  A blizzard demon (Depths:1)
  3 deep elf death magi
  3 merfolk impalers
  A quicksilver dragon zombie (Crypt:3)
  3 fire dragons
  4 yaktaur captains
  A green death (Depths:1)
  2 jiangshi
  13 death oozes
  A quicksilver dragon skeleton (Hell)
  Harold (D:9)
  4 rakshasas
  5 ice dragons
  6 hydras
  25 vault guards
  3 great orbs of eyes
  4 centaur warriors
  A merfolk avatar (Shoals:2)
  6 two-headed ogres
  A death knight (Vaults:5)
  A merfolk aquamancer (Shoals:4)
  A satyr (Shoals:1)
  A deep troll earth mage (Depths:3)
  5 ogre magi
  A tengu warrior (D:15)
  A death scarab (Tomb:1)
  A deep troll shaman (Depths:5)
  Urug (D:13)
  5 hell hogs
  8 death yaks
  3 orc high priests
  8 vampire magi
  2 thrashing horrors
  2 spriggan berserkers
  6 deep elf knights
  A soul eater (Depths:4)
  2 iron trolls (Depths:3)
  A fire crab (Lair:6)
  3 sixfirhies
  A shadow wraith (Vaults:5)
  3 skeletal warriors
  An entropy weaver zombie (Crypt:1)
  2 golden dragon zombies (Crypt:3)
  21 slime creatures
  A shadow demon (Depths:3)
  3 wizards
  13 sea snakes
  3 flayed ghosts
  6 deep trolls
  2 unseen horrors
  2 lindwurms
  A sphinx zombie (Crypt:2)
  An anaconda skeleton (WizLab)
  3 deep elf archers
  12 harpies
  2 shining eyes
  6 ironbrand convokers
  6 orc knights
  8 phantasmal warriors
  13 orb spiders
  24 wolf spiders
  32 deep elf magi
  3 necromancers
  2 oklob plants (D:11)
  A mana viper (shapeshifter) (Vaults:5)
  6 cyclopes
  2 frost giant zombies (Depths:4)
  A fire giant zombie (Depths:4)
  3 orc sorcerers
  2 moths of wrath (Zot:1)
  A moth of wrath (shapeshifter) (Vaults:5)
  20 ugly things
  9 manticores
  11 fauns
  4 elephants
  Maurice (D:9)
  6 centaur zombies
  6 black mambas
  6 merfolk sirens
  A naga mage (D:15)
  2 vault sentinels
  4 rust devils
  2 water nymphs (Shoals:2)
  A gargoyle (D:12)
  2 torpor snails
  3 centaur skeletons
  3 ice statues (IceCv)
  A smoke demon (Hell)
  4 large abominations
  22 spiny frogs
  An orange demon (WizLab)
  18 yaktaurs
  13 rime drakes
  A freezing wraith (Vaults:5)
  4 komodo dragons
  A rime drake (shapeshifter) (Vaults:3)
  2 ancient zymes
  A hellwing (WizLab)
  9 demonic crawlers
  A tengu conjurer (Depths:3)
  29 jumping spiders
  A yellow draconian skeleton (Crypt:3)
  19 merfolk
  4 tyrant leeches (Lair:6)
  18 polar bears
  5 trolls
  3 red devils (Hell)
  5 wind drakes
  2 hippogriffs (shapeshifter)
  6 hornets
  24 blink frogs
  An alligator zombie (Hell)
  15 dream sheep
  8 raiju
  4 snapping turtles
  A human simulacrum (Vaults:2)
  9 hippogriffs
  5 flying skulls
  60 redbacks
  2 air elementals
  4 wyverns
  2 shadows
  35 tarantellas
  A ynoxinul (Abyss:2)
  14 water elementals
  38 yaks
  7 vampires
  A basilisk (Lair:3)
  7 fire elementals
  6 golden eyes
  13 vampire mosquitoes
  9 wraiths
  2 wargs
  8 steam dragons
  2 spatial vortices (WizLab)
  2 hungry ghosts
  3 insubstantial wisps (Abyss:2)
  12 water moccasins
  9 porcupines
  2 hell hounds
  10 ice beasts
  A floating eye (Depths:4)
  A faun skeleton (Crypt:2)
  A hornet zombie (D:15)
  A spiny frog skeleton (Hell)
  19 orc warriors
  A sky beast (D:13)
  A black bear (Lair:5)
  A phantom (D:8)
  2 eyes of draining
  2 dream sheep zombies (Crypt:1)
  13 ogres
  5 centaurs
  15 wolves
  A lindwurm skeleton (Crypt:3)
  A big kobold (D:11)
  11 crocodiles
  A salamander zombie (Crypt:2)
  27 bullfrogs
  An earth elemental (Elf:1)
  A yaktaur skeleton (Crypt:3)
  A cyclops zombie (Crypt:2)
  3 wyvern skeletons
  A scorpion (shapeshifter) (Depths:4)
  A scorpion (D:12)
  A water moccasin skeleton (D:7)
  A small abomination (Abyss:3)
  A troll zombie (Crypt:3)
  12 wights
  9 killer bees
  2 howler monkeys
  5 electric eels
  10 starcursed masses
  6 crimson imps
  A black bear zombie (Crypt:2)
  2 hounds
  A bullfrog skeleton (D:9)
  24 orc priests
  4 jellies
  12 orc wizards
  2 iron imps
  An iguana (D:10)
  11 hell rats
  6 worker ants
  An ogre skeleton (Crypt:3)
  2 hound zombies
  A worker ant zombie (D:11)
  2 adders
  12 river rats (Lair:3)
  5 shadow imps
  A white imp (Abyss:2)
  2 ufetubi
  3 oozes (Lair:6)
  An adder skeleton (D:5)
  A barachi zombie (Crypt:2)
  2 dart slugs
  2 leopard geckos
  43 orcs
  A ball python (D:5)
  13 giant cockroaches
  3 goblins (D:1)
  6 hobgoblins
  2 jackals (D:3)
  11 quokkas
  10 bats
  10 frilled lizards
  8 kobolds
  A leopard gecko skeleton (Crypt:1)
  19 rats
  2 plants
  A starspawn tentacle (Abyss:1)
1394 creatures vanquished.

Vanquished Creatures (collateral kills)
  Margery (Depths:5)
  Frederick (Crypt:1)
  Saint Roka (Elf:3)
  9 caustic shrikes
  Geryon (Hell)
  5 golden dragons
  Jory (Crypt:3)
  A bone dragon (Abyss:3)
  6 liches
  8 tentacled monstrosities
  Rupert (D:14)
  2 titans (Vaults:5)
  2 deep elf master archers (Elf:3)
  3 quicksilver dragons
  6 tentacled starspawn
  A deep elf blademaster (Elf:3)
  6 sphinxes
  3 ancient champions
  19 acid blobs
  An eldritch tentacle (WizLab)
  5 tengu reavers
  3 shadow dragons
  A death cob (Zot:1)
  A revenant (Crypt:2)
  4 storm dragons
  Roxanne (D:15)
  7 fire giants
  7 azure jellies
  5 deep elf sorcerers
  2 iron dragons
  10 frost giants
  14 vault wardens
  A draconian knight (Zot:1)
  2 ghost moths (Spider:4)
  A draconian scorcher (Depths:5)
  4 emperor scorpions (Spider:4)
  An orc warlord (Vaults:3)
  6 ghouls (Crypt:2)
  4 cacodemons
  2 curse skulls
  A stone giant (shapeshifter) (Vaults:5)
  2 deep elf elementalists (Elf:3)
  10 ironheart preservers
  27 very ugly things
  3 war gargoyles
  A spriggan defender (Depths:2)
  17 stone giants
  5 reapers (Hell)
  A green draconian (Depths:5)
  13 vampire knights
  6 deep elf annihilators
  A black draconian (Depths:5)
  4 deep elf demonologists
  A red draconian (Depths:5)
  2 purple draconians (Zot:1)
  3 yellow draconians
  2 eidola (Crypt:3)
  9 spark wasps
  8 deep elf death magi
  2 white draconians (Depths:5)
  6 ettins
  Snorg (D:13)
  2 green deaths
  7 death oozes (Slime:5)
  10 jiangshi
  10 fire dragons
  14 yaktaur captains
  13 ice dragons
  5 deep elf high priests
  11 great orbs of eyes
  3 rakshasas
  8 vault guards
  A hell beast (Depths:1)
  2 spriggan air magi
  5 centaur warriors
  7 ogre magi
  5 deep troll shamans
  4 death knights
  15 dancing weapons
  17 two-headed ogres
  A titan zombie (Hell)
  14 vampire magi
  8 hell hogs
  5 deep troll earth magi
  4 death scarabs
  7 tengu warriors
  4 orc high priests
  11 thrashing horrors
  2 hell knights (Depths:5)
  An iron golem (Hell)
  14 deep elf knights
  5 soul eaters
  2 spriggan berserkers
  4 shadow wraiths
  4 sun demons
  A titan skeleton (Hell)
  21 skeletal warriors
  A sixfirhy (Depths:4)
  An unseen horror (D:15)
  15 deep trolls
  A spatial maelstrom (Abyss:2)
  4 large abominations
  5 iron trolls
  A golden dragon zombie (Crypt:3)
  An anaconda zombie (Hell)
  An orange crystal statue (Vaults:1)
  6 glowing orange brains
  A torturous demonspawn (Depths:3)
  An obsidian statue (WizLab)
  4 flayed ghosts
  4 wizards
  14 ironbrand convokers
  A harpy (shapeshifter) (D:15)
  5 necromancers
  12 phantasmal warriors
  21 deep elf archers
  18 orc knights
  2 anaconda skeletons
  An iron dragon zombie (Crypt:3)
  5 orb spiders (Spider:4)
  4 fire giant zombies
  47 ugly things
  A manticore (Shoals:1)
  A frost giant zombie (Depths:4)
  A salamander (shapeshifter) (Vaults:5)
  A faun (Shoals:1)
  7 shining eyes
  3 worldbinders
  3 wolf spiders (Spider:4)
  A cyclops (Vaults:1)
  A stone giant zombie (Hell)
  33 deep elf magi
  An orc sorcerer (Orc:2)
  A fire giant skeleton (Abyss:3)
  4 moths of wrath (Zot:1)
  A stone giant skeleton (Depths:1)
  A centaur zombie (D:15)
  3 rust devils
  5 orange demons
  An ice statue (Hell)
  3 eyes of devastation (Slime:5)
  11 vault sentinels
  6 smoke demons
  A spriggan zombie (Depths:1)
  A red draconian zombie (Crypt:1)
  An emperor scorpion zombie (Crypt:3)
  2 hellions
  A demonspawn skeleton (WizLab)
  8 freezing wraiths
  3 efreet
  A rime drake (shapeshifter) (Vaults:5)
  5 demonic crawlers
  27 yaktaurs
  2 tengu conjurers (Depths:5)
  3 ancient zymes
  A komodo dragon (Lair:2)
  A death drake zombie (Crypt:1)
  4 hellwings (Abyss:2)
  8 red devils
  2 hydra zombies (Hell)
  A wind drake (WizLab)
  A meliai (shapeshifter) (Vaults:1)
  12 jumping spiders (Spider:4)
  11 hornets
  4 trolls
  An ettin zombie (Depths:1)
  A meliai zombie (D:15)
  6 raiju
  2 bog bodies
  3 blink frogs (WizLab)
  A hydra skeleton (Crypt:3)
  77 slime creatures
  2 hippogriffs (shapeshifter)
  A hippogriff (D:8)
  A fire dragon zombie (Crypt:2)
  A fire giant simulacrum (Hell)
  A dream sheep (shapeshifter) (Vaults:5)
  A redback (shapeshifter) (Vaults:5)
  16 redbacks
  3 ynoxinuls
  6 flying skulls
  An air elemental (Elf:1)
  A tarantella (Spider:4)
  3 wraiths
  A spriggan (Depths:4)
  2 water elementals
  7 yaks
  15 vampires (Crypt:3)
  Sigmund (D:5)
  5 fire elementals
  4 small abominations
  6 golden eyes
  A vampire mosquito (D:12)
  3 chaos spawn
  A hungry ghost (D:12)
  A neqoxec (Abyss:3)
  Edmund (D:6)
  7 spatial vortices
  4 insubstantial wisps
  4 wargs
  2 acid dragons
  A hydra simulacrum (Hell)
  9 hell hounds
  A spiny frog zombie (Hell)
  9 ice beasts (D:9)
  A black bear (D:8)
  A floating eye (Depths:5)
  An alligator simulacrum (Hell)
  26 orc warriors
  An ogre (shapeshifter) (Vaults:4)
  2 snapping turtle zombies
  8 eyes of draining
  An eye of draining (shapeshifter) (Depths:1)
  4 boggarts (Depths:2)
  16 ogres
  5 wolves
  9 centaurs
  A big kobold (shapeshifter) (Vaults:5)
  A wyvern zombie (D:9)
  A salamander zombie (Crypt:3)
  5 bullfrogs
  A spiny frog simulacrum (Hell)
  4 scorpions
  3 killer bees
  A wight (D:12)
  4 electric eels (D:9)
  3 howler monkeys (D:7)
  A bullfrog zombie (D:12)
  3 crimson imps
  4 hounds
  20 starcursed masses
  2 bullfrog skeletons
  A human zombie (Crypt:3)
  15 orc wizards
  19 orc priests
  3 jellies (D:8)
  6 iron imps
  Jessica (D:2)
  4 centaur skeletons
  4 hell rats (Hell)
  2 iguanas
  4 worker ants
  An ogre zombie (Crypt:3)
  A big kobold skeleton (Crypt:1)
  A worker ant zombie (D:10)
  4 adders
  3 shadow imps
  2 white imps
  3 ufetubi
  5 oozes (D:8)
  2 adder skeletons
  An adder zombie (D:8)
  A halfling skeleton (Crypt:3)
  3 worms
  A dart slug (D:3)
  2 leopard geckos
  46 orcs
  3 giant cockroaches
  A goblin (D:2)
  4 hobgoblins
  6 jackals
  4 quokkas
  2 bats
  2 frilled lizards
  3 kobolds
  4 bushes (D:15)
  A plant (Depths:1)
  9 starspawn tentacles
1412 creatures vanquished.

Vanquished Creatures (others)
  A death cob (Zot:1)
  A draconian shifter (Zot:1)
  A vault warden (Vaults:5)
  A draconian knight (Zot:1)
  A deep elf annihilator (Elf:3)
  A spark wasp (Depths:3)
  A white draconian (Zot:1)
  A yellow draconian (Zot:1)
  4 dancing weapons
  A fire crab (shapeshifter) (Vaults:5)
  2 deep elf knights
  A deep elf archer (Vaults:3)
  An ironbrand convoker (Vaults:4)
  An orb spider (Spider:2)
  A phantasmal warrior (Depths:4)
  4 deep elf magi
  A demonic crawler (Spider:4)
  A polar bear (IceCv)
  A hornet (Vaults:5)
  A slime creature (Slime:4)
  2 blink frogs (Lair:6)
  2 air elementals
  A tarantella (Spider:2)
  A large abomination (Abyss:2)
  A golden eye (Slime:3)
  6 humans (D:13)
  A hell hound (Hell)
  A small abomination (Abyss:2)
  An orc (Elf:1)
  3 bushes
  9 fungi
  56 plants
  23 starspawn tentacles
  4 tentacles (Shoals:2)
138 creatures vanquished.

Grand Total: 2944 creatures vanquished

Notes
Turn   | Place    | Note
-------+----------+-------------------------------------------
     0 | D:1      | qipqqq the Mummy Wizard began the quest for the Orb.
     0 | D:1      | Reached XP level 1. HP: 13/13 MP: 5/5
   506 | D:1      | Reached XP level 2. HP: 19/19 MP: 4/7
   588 | D:1      | Learned a level 2 spell: Slow
   591 | D:1      | Learned a level 2 spell: Blink
  1510 | D:2      | Noticed Jessica
  1516 | D:2      | Learned a level 2 spell: Call Imp
  1547 | D:2      | Killed Jessica
  1547 | D:2      | Reached XP level 3. HP: 24/24 MP: 1/9
  1741 | D:2      | Reached skill level 5 in Spellcasting
  2573 | D:3      | Reached XP level 4. HP: 30/30 MP: 2/11
  3108 | D:5      | Entered Level 5 of the Dungeon
  3108 | D:5      | Noticed Sigmund
  3186 | D:4      | Found a bloodstained altar of Trog.
  3186 | D:4      | Found a hazy altar of Hepliaklqana.
  3202 | D:4      | Found a faded altar of an unknown god.
  3205 | D:4      | Found a faded altar of an unknown god.
  3207 | D:4      | Found an opulent altar of Gozag.
  3211 | D:4      | Became a worshipper of Gozag Ym Sagoz the Greedy
  4125 | D:3      | Reached XP level 5. HP: 34/35 MP: 8/13
  4187 | D:3      | You fall into a shaft and drop 3 floors!
  4292 | D:6      | Learned a level 3 spell: Mephitic Cloud
  4314 | D:6      | Noticed an ogre
  4334 | D:6      | Killed an ogre
  4334 | D:6      | Reached skill level 6 in Spellcasting
  4664 | D:6      | Noticed Edmund
  5758 | D:3      | Reached XP level 6. HP: 41/41 MP: 11/15
  6395 | D:4      | Reached skill level 1 in Fighting
  6815 | D:5      | Found a bloodstained altar of Trog.
  7132 | D:6      | Found Jiobriv's Book Shoppe.
  7154 | D:6      | Reached skill level 7 in Spellcasting
  7173 | D:6      | Found an ancient bone altar of Kikubaaqudgha.
  7214 | D:6      | Found a staircase to the Ecumenical Temple.
  7242 | D:6      | Got a diamond-encrusted leather armour
  7253 | D:6      | Identified the +2 leather armour of Sin {rF- MR+++ rCorr
                  | Dex+3 SInv} (You found it on level 6 of the Dungeon)
  7413 | D:6      | Found Diasur's Antique Armour Boutique.
  7420 | D:6      | Noticed an ice beast
  7631 | D:7      | Reached XP level 7. HP: 50/50 MP: 6/17
  7730 | D:8      | Found a radiant altar of Vehumet.
  7901 | D:8      | Found a shimmering altar of Xom.
  8679 | D:5      | Killed Sigmund
  8732 | D:5      | Found a sacrificial altar of Ru.
  9045 | D:7      | Learned a level 3 spell: Vampiric Draining
  9294 | D:6      | Reached skill level 5 in Dodging
  9294 | D:6      | Reached skill level 8 in Spellcasting
  9329 | D:6      | Killed Edmund
  9329 | D:6      | Reached skill level 1 in Necromancy
  9329 | D:6      | Reached XP level 8. HP: 60/60 MP: 11/20
  9383 | D:6      | Found Eblierige's Antique Weapon Boutique.
  9446 | D:6      | Found Luew's Weapon Shoppe.
 10581 | D:8      | Noticed a hippogriff
 10592 | D:8      | Killed a hippogriff
 11056 | D:9      | Noticed Maurice
 11081 | D:9      | Reached skill level 9 in Spellcasting
 11130 | D:9      | Killed Maurice
 11130 | D:9      | Reached skill level 5 in Fighting
 11130 | D:9      | Reached XP level 9. HP: 60/68 MP: 7/22
 11154 | D:10     | Entered Level 10 of the Dungeon
 11983 | D:10     | Found a portal to a secret trove of treasure.
 12001 | D:10     | Noticed a troll
 12022 | D:10     | Killed a troll
 12656 | D:10     | Got a crude ring mail
 12667 | D:10     | Identified the +3 ring mail "Ameovooc" {*Contam +Fly rPois
                  | Int+9} (You found it on level 10 of the Dungeon)
 13381 | D:9      | Reached skill level 10 in Spellcasting
 13632 | D:9      | Noticed Harold
 13686 | D:9      | Killed Harold
 13686 | D:9      | Reached XP level 10. HP: 63/79 MP: 0/24
 14503 | D:9      | Reached skill level 11 in Spellcasting
 15104 | D:11     | Noticed an oklob plant
 15147 | D:11     | Noticed a two-headed ogre
 15187 | D:11     | Killed a two-headed ogre
 15519 | D:11     | Noticed an oklob plant
 15737 | D:11     | Found a staircase to the Lair.
 15737 | D:11     | Noticed an oklob plant
 15739 | D:11     | Noticed an oklob plant
 15992 | D:11     | Noticed an oklob plant
 16211 | D:11     | Bought a scroll of identify for 54 gold pieces
 16211 | D:11     | Bought a scroll of identify for 54 gold pieces
 16211 | D:11     | Bought a wand of disintegration (18) for 108 gold pieces
 16211 | D:11     | Bought a scratched onyx ring for 135 gold pieces
 16374 | D:12     | Noticed a deep elf mage
 16396 | D:12     | Reached skill level 12 in Spellcasting
 16398 | D:12     | Killed a deep elf mage
 16732 | D:12     | Reached XP level 11. HP: 85/86 MP: 27/27
 17136 | D:12     | Found a staircase to the Orcish Mines.
 18298 | D:13     | Noticed a white ugly thing
 18348 | Orc:1    | Entered Level 1 of the Orcish Mines
 18354 | Orc:1    | Noticed a two-headed ogre
 18390 | D:12     | Killed a two-headed ogre
 18390 | D:12     | Reached skill level 1 in Evocations
 18581 | Orc:1    | Reached skill level 13 in Spellcasting
 18906 | Orc:2    | Entered Level 2 of the Orcish Mines
 18906 | Orc:2    | Noticed an orc knight
 18906 | Orc:2    | Noticed an orc sorcerer
 18989 | Orc:1    | Killed an orc knight
 19129 | Orc:1    | Killed an orc sorcerer
 19303 | Orc:2    | Noticed a two-headed ogre
 19386 | Orc:2    | Killed a two-headed ogre
 19500 | Orc:2    | Noticed an ettin
 19543 | Orc:2    | Killed an ettin
 19900 | Orc:2    | Found a runed translucent door.
 20032 | Orc:2    | Noticed a two-headed ogre
 20046 | Orc:2    | Killed a two-headed ogre
 20080 | Orc:2    | Found a staircase to the Elven Halls.
 20095 | Orc:2    | Noticed an orc knight
 20913 | Orc:1    | Killed an orc knight
 21722 | Orc:2    | Noticed an orc sorcerer
 22286 | Orc:2    | Noticed an orc high priest
 22288 | Orc:2    | Noticed an orc sorcerer
 22306 | Orc:1    | Found a runed translucent gate.
 22306 | Orc:1    | Found a runed translucent gate.
 22309 | Orc:1    | Found a runed translucent gate.
 22309 | Orc:1    | Noticed Ryoxkace's ghost (journeyman MiFi)
 23047 | Orc:2    | Noticed an orc high priest
 23057 | Orc:2    | Noticed an orc high priest
 23195 | Orc:1    | Killed an orc high priest
 23195 | Orc:1    | Reached XP level 12. HP: 95/95 MP: 1/29
 23490 | Orc:2    | Killed an orc high priest
 23521 | Orc:2    | Noticed an orc high priest
 23537 | Orc:2    | Killed an orc high priest
 23708 | Orc:2    | Found Lisof's Assorted Antiques.
 23708 | Orc:2    | Found Wioh's Antique Weapon Shop.
 23709 | Orc:2    | Found Ridox's Antique Armour Shop.
 23712 | Orc:2    | Found Faotwan's Book Boutique.
 23726 | Orc:2    | Bought a manual of Dodging for 1656 gold pieces
 23728 | Orc:2    | Bought a warped quarterstaff for 234 gold pieces
 23728 | Orc:2    | Identified the +6 quarterstaff "Saapeped" {vamp, MR- Str+3
                  | Dex+3} (You bought it in a shop on level 2 of the Orcish
                  | Mines)
 23747 | Orc:2    | Noticed an orc high priest
 23758 | Orc:2    | Killed an orc high priest
 23758 | Orc:2    | Reached skill level 10 in Dodging
 24291 | D:11     | Learned a level 4 spell: Sticky Flame
 24956 | D:11     | Reached skill level 14 in Spellcasting
 25210 | Lair:1   | Entered Level 1 of the Lair of Beasts
 25225 | D:11     | Reached skill level 1 in Armour
 25266 | Lair:1   | Got a slimy arbalest
 25534 | Lair:1   | You fall into a shaft and drop 1 floor!
 25538 | Lair:2   | Noticed a death yak
 25554 | Lair:2   | Noticed a death yak
 25620 | Lair:2   | Found a shattered altar of Ashenzari.
 25622 | Lair:2   | Noticed a six-headed hydra
 25636 | Lair:2   | Noticed an eight-headed hydra
 25658 | Lair:2   | Noticed a death yak
 25659 | Lair:2   | Noticed a death yak
 25660 | Lair:2   | Noticed a death yak
 25726 | Lair:1   | Killed a death yak
 25735 | Lair:1   | Killed a death yak
 25735 | Lair:1   | Reached skill level 10 in Fighting
 27145 | Lair:1   | Killed a death yak
 27352 | Lair:3   | Noticed a seven-headed hydra
 27436 | Lair:2   | Killed an eight-headed hydra
 28368 | Lair:3   | Noticed a seven-headed hydra
 28616 | Lair:2   | Noticed a six-headed hydra
 28632 | Lair:2   | Killed a six-headed hydra
 28632 | Lair:2   | Reached skill level 5 in Necromancy
 28632 | Lair:2   | Gained mutation: You are in touch with the powers of death.
                  | [Mummy growth]
 28632 | Lair:2   | Reached XP level 13. HP: 76/104 MP: 22/31
 29623 | Lair:3   | Reached skill level 15 in Spellcasting
 30536 | Lair:3   | Found a hole to the Spider Nest.
 31764 | Lair:4   | Learned a level 1 spell: Summon Butterflies
 31940 | Lair:4   | Found a staircase to the Shoals.
 32145 | Lair:4   | Reached skill level 5 in Armour
 33065 | Lair:5   | Found a frozen archway.
 33083 | IceCv    | Entered an ice cave
 34157 | IceCv    | Reached XP level 14. HP: 113/113 MP: 26/33
 34411 | IceCv    | Got a translucent battleaxe
 34412 | IceCv    | Identified the +10 battleaxe of Linearity {venom, +Inv
                  | Str+4} (You found it in an ice cave)
 35563 | Lair:6   | Entered Level 6 of the Lair of Beasts
 35661 | Lair:6   | Reached skill level 16 in Spellcasting
 37274 | Lair:6   | Found a staircase to the Slime Pits.
 39545 | Orc:2    | Found a roughly hewn altar of Beogh.
 39881 | D:13     | Reached XP level 15. HP: 120/122 MP: 35/35
 40015 | D:13     | Noticed Kirke
 40022 | D:13     | Noticed Urug
 40023 | D:13     | Noticed a sphinx
 40042 | D:13     | Killed Kirke
 40075 | D:13     | Noticed Rupert
 40081 | D:13     | Found a hazy altar of Hepliaklqana.
 40426 | D:14     | Found a gate to the Vaults.
 41221 | D:13     | Reached skill level 17 in Spellcasting
 41425 | D:13     | Noticed Snorg
 41806 | D:11     | Bought the +8 demon blade "Bloodbane" {slice, *Rage +Rage
                  | Stlth-} for 1876 gold pieces
 41806 | D:11     | Found the +8 demon blade "Bloodbane" {slice, *Rage +Rage
                  | Stlth-}
 41917 | D:13     | Killed Urug
 42221 | D:13     | Killed Snorg
 42536 | D:14     | Noticed Josephine
 42990 | Shoals:1 | Entered Level 1 of the Shoals
 43125 | Shoals:1 | Found Yffuot's Book Shop.
 43151 | Shoals:1 | Bought a book of Battle for 520 gold pieces
 43154 | Shoals:1 | Learned a level 2 spell: Song of Slaying
 43266 | Shoals:1 | Reached skill level 10 in Necromancy
 44282 | Shoals:2 | Reached skill level 15 in Dodging
 46322 | Shoals:2 | Found a gateway to a bazaar.
 46761 | Shoals:2 | Identified the +7 arbalest "Wiameoton" {velocity, *Drain
                  | MR++ Str+4} (You found it on level 1 of the Lair of Beasts)
 46986 | Shoals:2 | Reached XP level 16. HP: 110/131 MP: 37/37
 47747 | Shoals:4 | Entered Level 4 of the Shoals
 47818 | Shoals:4 | Got a polished plate armour
 48022 | Shoals:4 | Reached skill level 18 in Spellcasting
 49272 | Shoals:2 | Noticed a kraken
 49418 | Spider:1 | Entered Level 1 of the Spider Nest
 51840 | Spider:1 | Learned a level 4 spell: Summon Lightning Spire
 52807 | Spider:2 | Noticed Jorgrun
 53128 | Spider:1 | Killed Jorgrun
 53803 | Orc:2    | Bought a Necronomicon for 1656 gold pieces
 53812 | Orc:2    | Learned a level 8 spell: Infestation
 53816 | Orc:2    | Bought a scroll of identify for 80 gold pieces
 54078 | Spider:2 | Reached skill level 1 in Staves
 55832 | Spider:3 | Noticed Bai Suzhen
 55983 | Spider:2 | Killed Bai Suzhen
 56873 | Spider:3 | Noticed Arachne
 56915 | Spider:2 | Killed Arachne
 56915 | Spider:2 | Reached XP level 17. HP: 56/138 MP: 1/39
 57535 | Spider:3 | Identified the Papyrus of the Warped Glacier
 57541 | Spider:3 | Learned a level 3 spell: Ozocubu's Armour
 58102 | Spider:3 | Reached skill level 19 in Spellcasting
 58163 | Spider:4 | Entered Level 4 of the Spider Nest
 58605 | Elf:1    | Entered Level 1 of the Elven Halls
 58723 | Orc:2    | Reached skill level 1 in Summonings
 60403 | Orc:2    | Bought 2 scrolls of magic mapping for 280 gold pieces
 60403 | Orc:2    | Bought a scroll of blinking for 300 gold pieces
 60403 | Orc:2    | Bought a wand of acid (9) for 320 gold pieces
 60407 | Orc:2    | Identified the +2 plate armour of Foolhardiness {rPois rC+
                  | Regen+ Dex+2} (You found it on level 4 of the Shoals)
 60945 | Spider:1 | Learned a level 7 spell: Haunt
 62732 | Spider:4 | Upgraded the game from 0.25-a0-306-g3faca94807 to
                  | 0.25-a0-308-geac79542e2
 63445 | Spider:4 | Learned a level 5 spell: Summon Mana Viper
 63849 | Spider:4 | Got a gossamer rune of Zot
 64417 | Lair:3   | Got a scorched dire flail
 64422 | Lair:3   | Identified the +6 dire flail of Ofilo {flame, rF+} (You
                  | found it on level 3 of the Lair of Beasts)
 64624 | Vaults:1 | Entered Level 1 of the Vaults
 64868 | D:14     | Killed Rupert
 65517 | D:15     | Entered Level 15 of the Dungeon
 66225 | D:15     | Reached skill level 5 in Summonings
 66241 | D:15     | Identified Roxanne's Incunabulum of the Rocks
 66241 | D:15     | Noticed Roxanne
 66255 | D:15     | Killed Roxanne
 66553 | D:15     | Found a staircase to the Depths.
 66655 | D:15     | Found a blossoming altar of Fedhas.
 67426 | Vaults:1 | Reached skill level 20 in Spellcasting
 67487 | Vaults:1 | Reached XP level 18. HP: 85/145 MP: 12/42
 68197 | Vaults:1 | Found Sudusay's Jewellery Emporium.
 70319 | Vaults:3 | Found a staircase to the Crypt.
 70319 | Vaults:3 | Found a basalt altar of Yredelemnul.
 70320 | Vaults:3 | Found an ancient bone altar of Kikubaaqudgha.
 71738 | Vaults:3 | Reached skill level 15 in Necromancy
 71743 | Vaults:3 | Reached skill level 21 in Spellcasting
 72148 | Vaults:4 | Reached XP level 19. HP: 68/151 MP: 6/44
 74080 | D:14     | Bought a pair of distressingly furry gloves for 370 gold
                  | pieces
 74090 | D:14     | Identified the +3 pair of gloves of Egowil {-Tele +Inv
                  | Dex+2} (You bought it in a shop on level 14 of the Dungeon)
 74259 | D:6      | Bought a pair of embroidered gloves for 187 gold pieces
 74259 | D:6      | Bought a glowing scarf for 200 gold pieces
 74259 | D:6      | Bought an ichor-stained leather armour for 175 gold pieces
 74269 | D:6      | Identified the +0 leather armour "Sipt" {rF+++ Dex+4 Slay-5
                  | Stlth+} (You bought it in a shop on level 6 of the Dungeon)
 74481 | Elf:1    | Noticed a Tzitzimitl
 74483 | Elf:1    | Cast into level 3 of the Abyss (a deep elf demonologist)
 74483 | Abyss:3  | Found a corrupted altar of Lugonu.
 74634 | Abyss:3  | Noticed a bone dragon
 74641 | Abyss:3  | Killed a bone dragon
 74646 | Elf:1    | Escaped the Abyss
 75224 | Elf:1    | Found a runed translucent gate.
 75224 | Elf:1    | Found a runed translucent gate.
 75224 | Elf:1    | Found a runed translucent gate.
 75224 | Elf:1    | Found a runed translucent gate.
 75224 | Elf:1    | Found a runed translucent gate.
 75226 | Elf:1    | Found a runed translucent gate.
 75339 | Elf:1    | Found Jukh's Magic Scroll Shoppe.
 75347 | Elf:1    | Bought a scroll of blinking for 120 gold pieces
 75347 | Elf:1    | Bought a scroll of acquirement for 832 gold pieces
 75347 | Elf:1    | Bought a scroll of torment for 120 gold pieces
 76360 | Elf:2    | Found a huge runed translucent gate.
 76360 | Elf:2    | Found a huge runed translucent gate.
 76360 | Elf:2    | Found a huge runed translucent gate.
 76360 | Elf:2    | Found a huge runed translucent gate.
 76364 | Elf:2    | Found a huge runed translucent gate.
 76548 | Elf:3    | Entered Level 3 of the Elven Halls
 76864 | Elf:3    | Found an ancient bone altar of Kikubaaqudgha.
 77815 | Elf:3    | Identified the +9 lajatang of Cawai {freeze, rF++}
 77963 | Elf:3    | Identified the +6 scale mail "Koalerchi" {rElec rPois Dex-4
                  | Stlth+}
 78150 | Elf:3    | Cast into level 2 of the Abyss (a deep elf demonologist)
 79078 | Abyss:2  | Noticed a bone dragon
 79372 | Abyss:2  | Paralysed by accursed screaming for 1 turns
 79473 | Abyss:2  | Found a corrupted altar of Lugonu.
 79595 | Elf:3    | Escaped the Abyss
 79762 | Elf:3    | Reached skill level 22 in Spellcasting
 79762 | Elf:3    | Reached skill level 5 in Evocations
 79784 | Elf:3    | Identified the +6 scale mail of the Suburbs {-Cast rN++
                  | Int+8 Slay-5}
 80178 | Elf:3    | Noticed Saint Roka
 80194 | Elf:3    | Killed Saint Roka
 80194 | Elf:3    | Reached XP level 20. HP: 123/159 MP: 9/46
 80954 | Elf:3    | Identified Sif Muna's Guide on Boosting Cold
 81945 | Depths:1 | Entered Level 1 of the Depths
 84004 | Depths:1 | Identified the +7 halberd of Luguabi {flame, rPois MP+9
                  | SInv}
 84029 | Depths:1 | Identified the Compendium of Shifting Envenoming
 84107 | Depths:1 | Found a one-way gate to the infinite horrors of the Abyss.
 84163 | Depths:1 | Found a gateway to Hell.
 84396 | Depths:1 | Found a runed translucent door.
 84929 | Depths:2 | Reached skill level 5 in Staves
 87231 | Depths:2 | Identified Tomujosh's Collected Works on Malediction and
                  | Black Arts
 87242 | Depths:2 | Paralysed by a sphinx for 7 turns
 87447 | Depths:2 | Found a hazy altar of Hepliaklqana.
 88475 | Depths:3 | Noticed a golden dragon
 89327 | Depths:2 | Killed a golden dragon
 89864 | Depths:3 | Reached XP level 21. HP: 145/167 MP: 19/47
 91684 | Depths:3 | Found a one-way gate leading to the halls of Pandemonium.
 91757 | Depths:3 | Reached skill level 15 in Fighting
 93062 | D:14     | Bought pitted quicksilver dragon scales for 2535 gold
                  | pieces
 93072 | D:14     | Identified the quicksilver dragon scales of the King {MR+
                  | rCorr} (You bought it in a shop on level 14 of the Dungeon)
 93776 | Depths:4 | Found a gateway to a ziggurat.
 93781 | Depths:4 | Paralysed by a floating eye for 3 turns
 93802 | Depths:4 | Paralysed by a floating eye for 4 turns
 94325 | Elf:1    | Bought 3 scrolls of teleportation for 144 gold pieces
 94325 | Elf:1    | Bought a scroll of teleportation for 48 gold pieces
 94325 | Elf:1    | Bought a scroll of brand weapon for 320 gold pieces
 94325 | Elf:1    | Bought a scroll of fog for 32 gold pieces
 94534 | D:14     | Learned a level 6 spell: Invisibility
 94540 | D:14     | Learned a level 5 spell: Bolt of Magma
 95192 | Depths:4 | Paralysed by a floating eye for 4 turns
 95197 | Depths:4 | Paralysed by a floating eye for 3 turns
 95266 | Depths:4 | Reached skill level 1 in Hexes
 95829 | Depths:4 | Found an ancient bone altar of Kikubaaqudgha.
 95894 | Depths:5 | Entered Level 5 of the Depths
 96081 | Depths:5 | Noticed a caustic shrike
 96081 | Depths:5 | Noticed a caustic shrike
 96081 | Depths:5 | Noticed a caustic shrike
 96081 | Depths:5 | Noticed a caustic shrike
 96081 | Depths:5 | Noticed a caustic shrike
 96469 | Depths:4 | Found a runed translucent gate.
 96469 | Depths:4 | Found a runed translucent gate.
 96470 | Depths:4 | Found a runed translucent gate.
 97526 | Vaults:4 | Learned a level 2 spell: Swiftness
 97860 | Depths:4 | Got a brightly glowing silver amulet
 97863 | Depths:4 | Identified the amulet of Compulsion {Inacc Int+4} (You
                  | found it on level 4 of the Depths)
 98068 | Depths:4 | Killed a caustic shrike
 98069 | Depths:4 | Killed a caustic shrike
 98116 | Depths:4 | Killed a caustic shrike
 98942 | Depths:5 | Reached skill level 1 in Translocations
 98972 | Depths:5 | Noticed Margery
 98984 | Depths:5 | Killed Margery
 99280 | Depths:5 | Noticed a caustic shrike
 99284 | Depths:5 | Noticed a caustic shrike
 99296 | Depths:5 | Killed a caustic shrike
 99319 | Depths:5 | Noticed a caustic shrike
 99319 | Depths:5 | Noticed a caustic shrike
 99320 | Depths:5 | Noticed a caustic shrike
 99328 | Depths:5 | Killed a caustic shrike
 99847 | Depths:5 | Reached skill level 10 in Evocations
100011 | Depths:5 | Reached skill level 23 in Spellcasting
100105 | Depths:5 | Noticed a golden dragon
100118 | Depths:5 | Reached XP level 22. HP: 106/176 MP: 8/49
100123 | Depths:5 | Killed a golden dragon
100123 | Depths:5 | Reached skill level 5 in Hexes
100125 | Depths:5 | Found a gate to the Realm of Zot.
100619 | Depths:5 | Killed a caustic shrike
100641 | Depths:5 | Killed a caustic shrike
100731 | Depths:5 | Killed a caustic shrike
101521 | Hell     | Entered the Vestibule of Hell
101538 | Depths:4 | Killed a caustic shrike
101548 | Depths:4 | Killed a caustic shrike
101985 | Hell     | Noticed Geryon
104242 | Hell     | Killed Geryon
104968 | Hell     | Found a gateway to the decaying netherworld of Tartarus.
105470 | Crypt:1  | Entered Level 1 of the Crypt
106018 | Crypt:2  | Found a magical portal.
106027 | WizLab   | Found a transporter.
106032 | WizLab   | Found a corrupted altar of Lugonu.
106070 | WizLab   | Found a transporter.
106147 | WizLab   | Found a transporter.
106226 | WizLab   | Found a corrupted altar of Lugonu.
106274 | WizLab   | Found a transporter.
106274 | WizLab   | Found a transporter.
106323 | WizLab   | Learned a level 2 spell: Shroud of Golubria
106324 | WizLab   | Found a transporter.
106324 | WizLab   | Found a transporter.
106372 | WizLab   | Learned a level 8 spell: Controlled Blink
106408 | WizLab   | Found a transporter.
106408 | WizLab   | Found a transporter.
106570 | WizLab   | Got a heavily runed cloak
106596 | WizLab   | Got a jewelled cloak
106628 | WizLab   | Identified the +0 cloak of Lehus {+Inv rN+ MR++ Str-5} (You
                  | found it in a wizard's laboratory)
106638 | WizLab   | Identified the cursed +0 cloak of the Lotus Blossom {-Tele
                  | rElec Str+3} (You found it in a wizard's laboratory)
106646 | WizLab   | Got a scorched cloak
106652 | WizLab   | Identified the -2 cloak of the Lumpy Souls {rPois rCorr
                  | Int-4} (You found it in a wizard's laboratory)
106709 | WizLab   | Found a transporter.
106711 | WizLab   | Found a transporter.
106886 | WizLab   | Found a transporter.
106886 | WizLab   | Found a transporter.
106958 | WizLab   | Found a transporter.
106958 | WizLab   | Found a transporter.
107093 | WizLab   | Found a transporter.
107259 | WizLab   | Found a transporter.
107259 | WizLab   | Found a transporter.
107405 | WizLab   | Found a transporter.
107405 | WizLab   | Found a transporter.
108322 | Crypt:2  | Learned a level 1 spell: Apportation
109136 | Crypt:1  | Noticed Frederick
109142 | Crypt:1  | Killed Frederick
110741 | Crypt:3  | Entered Level 3 of the Crypt
110792 | Crypt:3  | Got an encrusted whip
111067 | Crypt:3  | Found a staircase to the Tomb.
111588 | Crypt:3  | Found a runed translucent gate.
111589 | Crypt:3  | Found a runed translucent gate.
111589 | Crypt:3  | Found a runed translucent gate.
111589 | Crypt:3  | Noticed Zaowoih's ghost (veteran GrFi)
111632 | Crypt:3  | Got a brightly glowing shield
111633 | Crypt:3  | Identified the +5 shield of Geteng {rF++ rN+ Str-2 Int+2}
                  | (You acquired it on level 3 of the Crypt)
111796 | Crypt:3  | Identified the +10 scimitar "Penlac" {slice, rPois rN+}
112945 | Crypt:3  | Noticed Jory
112971 | Crypt:3  | Killed Jory
112971 | Crypt:3  | Reached skill level 1 in Shields
112980 | Crypt:3  | HP: 7/178 [something (32)]
113667 | Crypt:3  | Found a runed translucent gate.
113667 | Crypt:3  | Found a runed translucent gate.
113667 | Crypt:3  | Found a runed translucent gate.
113676 | Crypt:3  | Identified the amulet of Desertification {Acrobat *Drain
                  | rC++ Str+3 Dex+7}
114282 | Crypt:3  | Identified the +7 whip "Kaus" {chaos, rElec rN+ MR++ Dex-2}
                  | (You found it on level 3 of the Crypt)
114363 | Crypt:3  | Got a clouded wooden ring
114364 | Crypt:3  | Identified the ring "Kok Anlo" {Str+6 SInv} (You found it
                  | on level 3 of the Crypt)
115383 | Depths:1 | Reached skill level 5 in Translocations
115592 | Depths:1 | Reached XP level 23. HP: 158/184 MP: 50/50
116253 | Hell     | Found a gateway to the ashen valley of Gehenna.
116406 | Hell     | Found a gateway to the Iron City of Dis.
116471 | Hell     | Found a gateway to the freezing wastes of Cocytus.
116625 | Depths:1 | Bought a jade ring for 160 gold pieces
116660 | Depths:1 | Voluntarily entered the Abyss.
116660 | Abyss:1  | Found a corrupted altar of Lugonu.
116682 | Abyss:1  | Found a corrupted altar of Lugonu.
117507 | Abyss:1  | Identified the Papyrus of Warped Curses (You acquired it on
                  | level 1 of the Abyss)
117522 | Abyss:1  | Paralysed by accursed screaming for 2 turns
117541 | Abyss:1  | Noticed an ancient lich
117557 | Depths:1 | Escaped the Abyss
118089 | Vaults:5 | Entered Level 5 of the Vaults
118096 | Vaults:5 | Reached skill level 1 in Conjurations
118096 | Vaults:5 | Reached skill level 1 in Fire Magic
118121 | Vaults:5 | Noticed an ancient lich
119186 | Vaults:5 | Identified the +4 broad axe of Ytaggux {flame, MR+}
119206 | Vaults:5 | Noticed a caustic shrike
119206 | Vaults:5 | a golden dragon changed into a caustic shrike
119422 | Vaults:5 | Reached XP level 24. HP: 173/193 MP: 44/50
120631 | Vaults:5 | Found the +3 hat of Pondering {ponderous, MR+ MP+10 Int+5}
120670 | Vaults:5 | Identified the +11 fustibalus of Kiompisch {flame, rF+
                  | Str+2 Int+6}
120670 | Vaults:5 | Identified the +3 storm dragon scales "Utavarho" {rElec rF-
                  | Regen+ Int+3 SInv}
120705 | Vaults:5 | Killed an ancient lich
121197 | Vaults:5 | Got a silver rune of Zot
121201 | Vaults:5 | Got a polished war axe
121569 | Vaults:5 | Found the +3 crown of Dyrovepreva {rElec Int+2 SInv}
121831 | Vaults:5 | Identified the Disquisition on the Hurtful Snowflakes
122198 | D:14     | Learned a level 8 spell: Discord
122203 | D:14     | Bought a +1 pair of gloves of dexterity for 297 gold pieces
122203 | D:14     | Identified the cursed +0 war axe "Marraten" {speed, rC+
                  | rN+} (You found it on level 5 of the Vaults)
122557 | Tomb:1   | Entered Level 1 of the Tomb of the Ancients
123150 | Slime:1  | Entered Level 1 of the Pits of Slime
124644 | Slime:5  | Entered Level 5 of the Pits of Slime
124947 | Slime:5  | Noticed the Royal Jelly
125258 | Slime:5  | Found a viscous altar of Jiyva.
125791 | Slime:5  | Killed the Royal Jelly
125824 | Slime:5  | Identified Mistel's Advanced Steps in Magic
125854 | Slime:5  | Got a brightly glowing lead amulet
125854 | Slime:5  | Got a bound copper amulet
125854 | Slime:5  | Got a fine golden ring
125854 | Slime:5  | Got a slimy rune of Zot
125854 | Slime:5  | Got a clouded glass ring
125857 | Slime:5  | Got a faintly humming leather armour
125857 | Slime:5  | Got a glittering bone ring
125858 | Slime:5  | Identified the ring "Nogudoz" {Wiz MP+9 Str+8 Dex-2} (You
                  | found it on level 5 of the Pits of Slime)
125859 | Slime:5  | Identified the amulet "Couptamy" {Spirit Fragile rPois
                  | Dex+8 Stlth-} (You found it on level 5 of the Pits of
                  | Slime)
125860 | Slime:5  | Identified the amulet "Gimextes" {Faith rPois rF+ rC+} (You
                  | found it on level 5 of the Pits of Slime)
125861 | Slime:5  | Identified the ring "Zextud" {Ice Str+4 Dex+3} (You found
                  | it on level 5 of the Pits of Slime)
125862 | Slime:5  | Identified the ring "Lobibi" {rPois rC+ MR++ rCorr MP-9}
                  | (You found it on level 5 of the Pits of Slime)
125863 | Slime:5  | Identified the cursed +0 leather armour "Azoobb" {Dex+3}
                  | (You found it on level 5 of the Pits of Slime)
125920 | Slime:5  | Got a steaming dagger
125923 | Slime:5  | Identified the +6 dagger "Hynokk" {flame, rN+ Dex+2} (You
                  | found it on level 5 of the Pits of Slime)
125925 | Slime:5  | Got a brightly glowing mace
125926 | Slime:5  | Identified the cursed +1 mace "Igo Qi Foma" {pain, rElec
                  | MR+} (You found it on level 5 of the Pits of Slime)
126521 | D:14     | Learned a level 9 spell: Fire Storm
126797 | Zot:1    | Entered Level 1 of the Realm of Zot
126959 | Zot:1    | Noticed an orb of fire
126996 | Zot:1    | HP: 3/195 [green draconian stormcaller/divine providence
                  | (12)]
127000 | Zot:1    | Killed from afar by a green draconian stormcaller

Levels and vault maps discovered:
D:1:      scummos_arrival_gate, layout_loops_ring
D:2:      minmay_roachtagon, layout_rooms, serial_bayou, serial_bayou_lagoon_a,
          serial_bayou_crossing, serial_bayou_lagoon_b, serial_bayou_pond_a,
          uniq_jessica
D:3:      layout_basic
D:4:      layout_basic, chequers_temple_overflow_minitemple, first_ration
D:5:      layout_rooms, marbit_many_paths, nicolae_sextant,
          trog_three_pillars_becter, uniq_sigmund
D:6:      layout_basic, kiku_gazebo_pond_becter, minmay_temple_entry_crystal_x,
          serial_shops, nicolae_shop_crystal,
          nicolae_shop_temple_entry_statues_fountains, shop, nicolae_shop_trees,
          minmay_misc_feat_ornament, uniq_edmund
D:7:      layout_basic, kennysheep_generic_room_14
D:8:      layout_cave_pools, lemuel_doored_altar, basic_altar,
          hangedman_little_slice_of_home
D:9:      minmay_twisted_water, layout_basic, uniq_maurice, uniq_harold
D:10:     layout_basic, nicolae_trove_entry_free_sample,
          chequers_decorated_corner
D:11:     layout_irregular_city, dpeg_oklobed_lair, disabler_island
D:12:     layout_roguey, orc_0_dummy, serial_rivers,
          chequers_serial_rivers_small_3, chequers_serial_rivers_micro_d,
          chequers_serial_rivers_small_3, chequers_serial_rivers_small_b
D:13:     layout_basic, basic_altar, uniq_urug, uniq_kirke, uniq_rupert,
          uniq_snorg
D:14:     layout_irregular_city, skrybe_vaults_entry_preservation,
          minmay_stone_trees_small, uniq_josephine
D:15:     grunt_enter_depths_magical_seal, layout_long_grid, minivault_26,
          fedhas_bush_and_centaur_altar, uniq_roxanne
Lair:1:   layout_regular_city, infiniplex_staircase_pool_2, grunt_megastairs_5
Lair:2:   layout_hall_layers, basic_altar
Lair:3:   lemuel_ratsnest, layout_cave_shapes,
          nicolae_spider_entry_tight_spaces, nicolae_volcano_entry_vermiform,
          lemuel_fruit_tree, minmay_lair_oklob_chamber
Lair:4:   layout_cave_pods, elwin_shoals_entry_stream, patterned_corridor,
          grunt_megastairs_3
Lair:5:   layout_small_grid, portal_ice_cave_rime, bobbens_dragon_lair_wall
Lair:6:   minmay_lair_end_frog_pond, layout_big_grid,
          nicolae_slime_entry_slimehenge, cheibrodos_lair_lostbears
Shoals:1: layout_shoals, serial_shops, shop, overgrown_hall
Shoals:2: cheibrodos_shoals_oceanic_diplomacy, layout_shoals, serial_shops,
          statue_bzr
Shoals:3: layout_shoals
Shoals:4: shoals_end_grunt_ice, layout_shoals, uniq_nikola
Spider:1: layout_spider_delve
Spider:2: layout_spider_delve, uniq_jorgrun
Spider:3: layout_spider_delve, nicolae_arachne_temple, uniq_bai_suzhen
Spider:4: guppyfry_spider_rune
Slime:1:  layout_caves
Slime:2:  cheibrodos_slime_lost_civilization_3, layout_caves
Slime:3:  layout_caves
Slime:4:  cheibrodos_slime_lost_civilization_8, layout_caves
Slime:5
Orc:1:    layout_caves, ebering_ghost_rock_garden
Orc:2:    st_orc_mages, layout_caves, lightli_church_of_beogh
Elf:1:    minmay_elf_arrival_circle, layout_loops_ring, serial_shops,
          nicolae_shop_trees, orc_legates
Elf:2:    layout_onion_city
Elf:3:    grunt_elf_hall_diamonds, layout_loops_corners, basic_altar,
          lemuel_flamethrower_2, uniq_saint_roka
Vaults:1: v_misc_28, v_misc_4, nicolae_vaults_hallways_thing, v_alt_pattern_2,
          v_alt_pattern_5, vaults_room_corners, nicolae_vaults_statue_guard,
          ontoclasm_vaults_idyll, ontoclasm_vaults_pinch, vaults_room_pools,
          v_misc_22, layout_vaults_big_room, serial_shops, shop
Vaults:2: vaults_room_corners, nicolae_vaults_network_square,
          hangedman_vaults_maws, v_rooms_4, nicolae_vaults_angled_halls,
          vaults_mumra_chevron, v_misc_2, vaults_room_corners, vaults_room_grid,
          layout_vaults_ring
Vaults:3: minmay_crypt_entry_necro_gods, v_pattern_3, hangedman_vaults_nodes,
          vaults_dpeg_ring, hangedman_vaults_cutoff, grunt_vaults_funnel,
          v_rooms_2, nicolae_vaults_arrows, special_room_vaults
          [special_room_orc], nicolae_vaults_asterisk, layout_vaults_omnicross
Vaults:4: nicolae_vaults_shelves_hall, v_misc_8, dpeg_vaults_monster_box,
          vaults_dpeg_hooks, vaults_mumra_hexcomb, nicolae_vaults_alarming,
          v_misc_16, ontoclasm_vaults_decontamination, v_rooms_5,
          ontoclasm_vaults_eye, vaults_room_pool, layout_vaults_omnigrid
Vaults:5: serial_shops
Crypt:1:  layout_gridlike, grunt_crypt_arrival_webbed, uniq_frederick
Crypt:2:  layout_chaotic_city, mu_enter_wizlab_3
Crypt:3:  due_elkab, layout_chaotic_city, ebering_ghost_rock_garden,
          st_stairs_13, grunt_ministairs_1, pandoras_box_mu
Tomb:1
Depths:1: layout_cave_pools, grunt_hell_horde, abyss_entry, serial_bayou_ford_a,
          small_chamber_with_monster, minmay_misc_feat_rugged,
          wad_floor_pattern_2, minmay_fountain_box, wad_hexagon
Depths:2: minmay_the_grid_octo_tiled_octocenter [minmay_the_grid_octo_pinwheel,
          minmay_the_grid_octo_empty, minmay_the_grid_octo_vomiting_pacman,
          minmay_the_grid_octo_clover,
          minmay_the_grid_octo_prize_ultimate_mussel_roller,
          minmay_the_grid_square_5x5_lines, minmay_the_grid_square_5x5_moneybag,
          minmay_the_grid_square_5x5_hollow_slash,
          minmay_the_grid_square_5x5_two_walls_a], layout_twisted_cross,
          serial_glass, glass_columns_b, glass_columns_a, hell_entry
Depths:3: grunt_x_marks_the_spot, layout_basic, grunt_pan_entry_spiral,
          minmay_misc_feat_room, abyss_entry, hell_entry,
          minmay_misc_feat_more_columns, minmay_misc_feat_cross,
          minmay_staircase_windowed_large
Depths:4: lemuel_vampire_tower, layout_long_grid, enter_ziggurat_c,
          pf_vacation_house_of_asmodeus,
          ploomutoo_gammafunk_ghost_potion_laboratory, abyss_entry,
          eino_curves_02, grunt_decor_mini_mirrors
Depths:5: grunt_runaround [grunt_runaround_doors_1, grunt_runaround_doors_2,
          grunt_runaround_doors_3, grunt_runaround_doors_4,
          grunt_runaround_zot], abyss_entry, hell_entry, uniq_margery, uniq_jory
Hell
Zot:1:    lemuel_draconian_sentries, layout_cathedral_of_symmetry, drop_trap,
          grunt_ministairs_9

Skill      XL: |  1  2  3  4  5  6  7  8  9 10 11 12 13 14 15 16 17 18 19 20 21 22 23 24 |
---------------+-------------------------------------------------------------------------+-----
Dodging        | 2 3 4 5 7 8 9 11 12 14 15 16 17 18 | 18.2
Spellcasting   | 5 6 7 8 9 10 12 13 14 15 16 17 18 20 21 22 23 | 23.7
Fighting       | 2 3 5 7 8 9 10 11 12 13 14 15 16 17 | 17.1
Necromancy     | 1 3 4 5 7 9 10 12 13 15 16 | 16.0
Evocations     | 3 4 5 8 10 11 12 13 | 13.2
Armour         | 3 5 |  5.2
Staves         | 3 4 6 8 |  8.0
Summonings     | 5 8 9 |  9.6
Hexes          | 4 6 7 9 |  9.1
Translocations | 2 5 6 8 |  8.0
Shields        | 1 |  1.9
Conjurations   | 3 4 |  4.2
Fire Magic     | 3 |  3.9
Stealth        | |  1.5

Action                   |  1- 3 |  4- 6 |  7- 9 | 10-12 | 13-15 | 16-18 | 19-21 | 22-24 || total
-------------------------+-------+-------+-------+-------+-------+-------+-------+-------++-------
Melee: Dagger            |    29 |       |       |       |       |       |       |       ||    29
       War axe           |     5 |    52 |   108 |   257 |       |       |       |       ||   422
       Staff             |       |       |     1 |       |       |    20 |     1 |       ||    22
       Great mace        |       |       |       |     5 |       |       |       |       ||     5
       Quarterstaff      |       |       |       |   273 |  2300 |   869 |   371 |   599 ||  4412
       Demon blade       |       |       |       |       |    72 |       |       |       ||    72
       Battleaxe         |       |       |       |       |       |   431 |       |       ||   431
       Lajatang          |       |       |       |       |       |       |   551 |   737 ||  1288
Throw: Dart              |       |       |       |     4 |     8 |       |       |       ||    12
       Throwing net      |       |       |       |     1 |       |       |       |       ||     1
 Cast: Magic Dart        |    92 |    69 |   119 |   288 |    36 |       |       |       ||   604
       Call Imp          |    15 |   110 |   186 |   222 |    39 |    12 |       |       ||   584
       Slow              |     1 |     1 |     2 |       |     1 |       |       |       ||     5
       Blink             |     1 |     6 |     3 |    20 |    17 |    14 |    43 |    51 ||   155
       Mephitic Cloud    |       |     3 |    34 |   152 |    38 |   106 |    57 |     4 ||   394
       Vampiric Draining |       |       |    11 |    72 |   406 |   244 |   118 |    21 ||   872
       Sticky Flame      |       |       |       |     8 |     1 |    10 |     8 |    10 ||    37
       Summon Butterflie |       |       |       |       |     3 |     1 |    25 |     2 ||    31
       Summon Lightning  |       |       |       |       |       |    38 |    76 |    20 ||   134
       Song of Slaying   |       |       |       |       |       |     2 |     1 |       ||     3
       Summon Mana Viper |       |       |       |       |       |    29 |   118 |    10 ||   157
       Infestation       |       |       |       |       |       |    35 |    55 |    32 ||   122
       Ozocubu's Armour  |       |       |       |       |       |    25 |    60 |       ||    85
       Haunt             |       |       |       |       |       |    19 |   259 |   479 ||   757
       Invisibility      |       |       |       |       |       |       |       |     8 ||     8
       Shroud of Golubri |       |       |       |       |       |       |       |     3 ||     3
       Apportation       |       |       |       |       |       |       |       |   136 ||   136
       Discord           |       |       |       |       |       |       |       |     1 ||     1
Invok: Potion Petition   |       |     1 |       |     1 |     8 |     2 |     7 |    10 ||    29
       Call Merchant     |       |       |       |     1 |       |       |     3 |     4 ||     8
 Abil: Evoke Invisibilit |       |       |       |       |       |     1 |       |       ||     1
Evoke: Wand              |       |     2 |     4 |    66 |    29 |    20 |    17 |    22 ||   160
       Sack of spiders   |       |       |       |     1 |       |       |     1 |     2 ||     4
       Phial of floods   |       |       |       |       |     4 |     5 |     7 |     5 ||    21
       Fan of gales      |       |       |       |       |       |     2 |     4 |     4 ||    10
       Lightning rod     |       |       |       |       |       |    10 |       |       ||    10
       Lamp of fire      |       |       |       |       |       |       |     9 |     6 ||    15
       Phantom mirror    |       |       |       |       |       |       |     2 |     2 ||     4
       Box of beasts     |       |       |       |       |       |       |     5 |     6 ||    11
       Horn of Geryon    |       |       |       |       |       |       |       |     5 ||     5
  Use: Scroll            |     3 |     5 |     5 |     3 |    22 |    14 |    28 |    52 ||   132
 Stab: Distracted        |       |     1 |     2 |     1 |    12 |    11 |    18 |    27 ||    72
       Paralysed         |       |       |     7 |     9 |    20 |       |       |       ||    36
       Confused          |       |       |     3 |     8 |    28 |    20 |    10 |       ||    69
       Sleeping          |       |       |     1 |       |       |     3 |     1 |       ||     5
       Invisible         |       |       |       |       |     2 |     4 |       |     7 ||    13
Armor: Robe              |    28 |    22 |    15 |       |       |    83 |   241 |       ||   389
       Leather armour    |       |     3 |    13 |       |       |    74 |       |       ||    90
       Ring mail         |       |       |    15 |   196 |   886 |   395 |       |       ||  1492
       Quicksilver drago |       |       |       |       |       |       |    43 |   557 ||   600
Dodge: Dodged            |    84 |   153 |   259 |  1002 |  4591 |  3063 |  1607 |  2539 || 13298
Block: Shield            |       |       |       |       |    57 |       |       |       ||    57
       Rpst.: Demon blade |       |       |       |       |    31 |       |       |       ||    31

Table legend:
 A = Non-vault XP
 B = Vault XP
 C = Vault XP percentage of total XP
 D = Non-vault monster count
 E = Vault monster count
 F = Vault count percentage of total count
                 A         B        C        D         E       F
            +---------+---------+-------+---------+---------+-------
      Total |  547704 |  556117 |  50.4 |    1635 |    1142 |  41.1
            +---------+---------+-------+---------+---------+-------
        D:1 |      35 |       0 |   0.0 |      25 |       0 |   0.0
        D:2 |      30 |      31 |  50.8 |      20 |       8 |  28.6
        D:3 |     129 |       3 |   2.3 |      36 |       2 |   5.3
        D:4 |     145 |       0 |   0.0 |      16 |       0 |   0.0
        D:5 |      74 |     140 |  65.4 |      10 |       2 |  16.7
        D:6 |     461 |     118 |  20.4 |      24 |       1 |   4.0
        D:7 |     373 |       2 |   0.5 |      10 |       1 |   9.1
        D:8 |     613 |      82 |  11.8 |      15 |       8 |  34.8
        D:9 |    1108 |    2896 |  72.3 |      22 |      19 |  46.3
       D:10 |     634 |       0 |   0.0 |      17 |       0 |   0.0
       D:11 |    3363 |    1092 |  24.5 |      31 |       2 |   6.1
       D:12 |    4329 |       0 |   0.0 |      28 |       0 |   0.0
       D:13 |    6209 |    3635 |  36.9 |      26 |       3 |  10.3
       D:14 |    6023 |    6498 |  51.9 |      24 |      15 |  38.5
       D:15 |   11234 |    4455 |  28.4 |      29 |      12 |  29.3
     Lair:1 |    7790 |     540 |   6.5 |      27 |       2 |   6.9
     Lair:2 |    6833 |       0 |   0.0 |      23 |       0 |   0.0
     Lair:3 |    8295 |    4368 |  34.5 |      27 |      49 |  64.5
     Lair:4 |    2950 |    2947 |  50.0 |      16 |      10 |  38.5
     Lair:5 |    5895 |    9672 |  62.1 |      16 |      35 |  68.6
     Lair:6 |    9862 |    9405 |  48.8 |      32 |      40 |  55.6
   Shoals:1 |   16033 |    2858 |  15.1 |      31 |       3 |   8.8
   Shoals:2 |   14142 |    3927 |  21.7 |      32 |       8 |  20.0
   Shoals:3 |    5744 |       0 |   0.0 |      14 |       0 |   0.0
   Shoals:4 |    3745 |    3808 |  50.4 |       8 |       8 |  50.0
   Spider:1 |   13187 |    3113 |  19.1 |      38 |       1 |   2.6
   Spider:2 |   14093 |   14438 |  50.6 |      45 |      22 |  32.8
   Spider:3 |    5785 |    4174 |  41.9 |      17 |      12 |  41.4
   Spider:4 |    9947 |   16623 |  62.6 |      46 |      40 |  46.5
    Slime:1 |    8696 |       0 |   0.0 |      26 |       0 |   0.0
    Slime:2 |    6180 |       0 |   0.0 |      10 |       0 |   0.0
    Slime:3 |    1835 |       0 |   0.0 |       4 |       0 |   0.0
    Slime:4 |    3770 |       0 |   0.0 |      13 |       0 |   0.0
    Slime:5 |   15753 |   17526 |  52.7 |      53 |      15 |  22.1
      Orc:1 |    3290 |    1718 |  34.3 |      29 |      11 |  27.5
      Orc:2 |    3360 |    5566 |  62.4 |      30 |      53 |  63.9
      Elf:1 |   13207 |    6263 |  32.2 |      30 |      27 |  47.4
      Elf:2 |    7058 |     900 |  11.3 |      19 |       2 |   9.5
      Elf:3 |   14465 |   28931 |  66.7 |      39 |      40 |  50.6
   Vaults:1 |   12041 |    4732 |  28.2 |      34 |      16 |  32.0
   Vaults:2 |   13203 |    6709 |  33.7 |      37 |      19 |  33.9
   Vaults:3 |   13496 |   27036 |  66.7 |      25 |      87 |  77.7
   Vaults:4 |   23690 |   15616 |  39.7 |      54 |      27 |  33.3
   Vaults:5 |   41258 |  112936 |  73.2 |      66 |      97 |  59.5
    Crypt:1 |   11799 |    2532 |  17.7 |      33 |       1 |   2.9
    Crypt:2 |   20084 |    1084 |   5.1 |      42 |       1 |   2.3
    Crypt:3 |    7397 |   27375 |  78.7 |      19 |      63 |  76.8
     Tomb:1 |    2434 |       0 |   0.0 |       4 |       0 |   0.0
   Depths:1 |   24327 |   13611 |  35.9 |      55 |      33 |  37.5
   Depths:2 |   16331 |   31016 |  65.5 |      38 |      38 |  50.0
   Depths:3 |   25936 |   19931 |  43.5 |      38 |      47 |  55.3
   Depths:4 |   19628 |   31857 |  61.9 |      43 |      54 |  55.7
   Depths:5 |       0 |   75109 | 100.0 |       0 |      94 | 100.0
       Hell |   12479 |   11286 |  47.5 |      29 |      36 |  55.4
      Zot:1 |   11102 |     722 |   6.1 |      16 |       2 |  11.1
    Abyss:1 |   26163 |       0 |   0.0 |      42 |       0 |   0.0
    Abyss:2 |   13807 |       0 |   0.0 |      59 |       0 |   0.0
    Abyss:3 |   15854 |       0 |   0.0 |      43 |       0 |   0.0
      IceCv |       0 |    8276 | 100.0 |       0 |      36 | 100.0
     WizLab |       0 |   10560 | 100.0 |       0 |      40 | 100.0
            +---------+---------+-------+---------+---------+-------
